 Dungeon Crawl Stone Soup version 0.30-a0-509-gd016549fea (webtiles) character file.

Game seed: 4770367054667010557

1 cforsyth the Prestidigitator (level 1, 17/17 HPs)
             Began as a Gnoll Wanderer on Dec 22, 2022.
             Quit the game on level 1 of the Dungeon.
             The game lasted 00:00:55 (110 turns).

cforsyth the Prestidigitator (Gnoll Wanderer)        Turns: 110, Time: 00:00:56

Health: 17/17      AC:  4    Str: 12    XL:     1   Next: 20%
Magic:  1/1        EV: 10    Int: 10    God:
Gold:   12         SH:  0    Dex: 11    Spells: 0/0 levels left

rFire   . . .      SeeInvis .    a - +0 sling
rCold   . . .      Faith    .    (no shield)
rNeg    . . .      Spirit   .    e - +0 leather armour
rPois   .          Reflect  .    (no helmet)
rElec   .          Harm     .    (no cloak)
rCorr   .          Rampage  .    (no gloves)
Will    .....                    c - +0 pair of boots
Stlth   ++........               (no amulet)
HPRegen 0.22/turn                (no ring)
MPRegen 0.07/turn                (no ring)

@: no status effects
A: fangs 1, strong nose, distributed training
a: no special abilities


You were on level 1 of the Dungeon.
You visited 1 branch of the dungeon, and saw 1 of its levels.

You collected 12 gold pieces.

Inventory:

Hand Weapons
 a - a +0 sling (weapon)
Armour
 c - a +0 pair of boots (worn)
 e - a +0 leather armour (worn)
Wands
 b - a wand of polymorph (11) (quivered)
Scrolls
 f - a scroll of blinking {unknown}
 g - a scroll of silence {unknown}
Potions
 d - a potion of might
 h - a potion of degeneration {unknown}


   Skills:
 + Level 2.3 Fighting
 + Level 0.0 Short Blades
 + Level 0.0 Long Blades
 + Level 0.0 Axes
 + Level 0.0 Maces & Flails
 + Level 0.0 Polearms
 + Level 0.0 Staves
 + Level 2.3 Ranged Weapons
 + Level 0.0 Throwing
 + Level 2.3 Armour
 + Level 0.0 Dodging
 + Level 4.0 Stealth
 + Level 0.0 Shields
 + Level 0.0 Unarmed Combat
 + Level 0.0 Spellcasting
 + Level 0.0 Conjurations
 + Level 0.0 Hexes
 + Level 0.0 Summonings
 + Level 0.0 Necromancy
 + Level 0.0 Translocations
 + Level 0.0 Transmutations
 + Level 0.0 Fire Magic
 + Level 0.0 Ice Magic
 + Level 0.0 Air Magic
 + Level 0.0 Earth Magic
 + Level 0.0 Poison Magic
 + Level 0.0 Invocations
 + Level 10.3 Evocations


You couldn't memorise any spells.
You didn't know any spells.
Your spell library contained the following spells:

 Spells                   Type           Power      Damage    Failure   Level
 Call Canine Familiar     Summ           0%         N/A       82%         3
 Portal Projectile        Hex/Tloc       0%         N/A       82%         3
 Leda's Liquefaction      Hex/Erth       0%         N/A       99%         4


Dungeon Overview and Level Annotations

Branches:
Dungeon (1/15)

Altars:


Innate Abilities, Weirdness & Mutations

You have very sharp teeth.
Your uncanny sense of smell can sniff out nearby items.
Your experience applies equally to all skills.


Message History

Press ? for a list of commands and other information.
Unknown command.
You open the door.
There is an open door here.
You open the large door.
There is a large open door here.
You open the gate.
There is an open gate here.
f - a scroll labelled CEANWIRUSI You open the gate.
There is an open gate here.
You open the gate.
There is an open gate here.
You open the gate.
There is an open gate here.
You open the gate.
There is an open gate here.
g - a scroll labelled ASCHEXT HITZAXT You open the gate.
There is an open gate here.
You pick up a book of the Hunter and begin reading...
You add the spells Call Canine Familiar, Portal Projectile and Leda's Liquefaction to your library.
You open the gate.
There is an open gate here.
h - a bubbling brown potion You now have 12 gold pieces.
A goblin comes into view. It is wielding a +0 club.
Found a robe.
A goblin is nearby!
You shoot a sling bullet. The sling bullet hits the goblin.
You kill the goblin!
You hear a shout!
No target in view!
A goblin comes into view. It is wielding a +0 dagger.
A goblin is nearby!
The goblin evaporates and reforms as a hobgoblin!
A hobgoblin is nearby!
The hobgoblin evaporates and reforms as a dart slug!
The dart slug evaporates and reforms as a giant cockroach!
Are you sure you want to abandon this character and quit the game? (Confirm with "yes".)

#.## ∆ .).# ...# ∆ #).#
.B. #.######
################......#
................@.....#
################......#
########


You could see a giant cockroach.

Vanquished Creatures
  A goblin (D:1)
1 creature vanquished.

Notes
Turn   | Place    | Note
-------+----------+-------------------------------------------
     0 | D:1      | Reached skill level 10 in Evocations
     0 | D:1      | cforsyth the Gnoll Wanderer began the quest for the Orb.
     0 | D:1      | cforsyth set off with the following items: a +0 sling, a
                  | wand of polymorph (14), a +0 pair of boots, a potion of
                  | might, a +0 leather armour.
     0 | D:1      | Reached XP level 1. HP: 17/17 MP: 1/1
     0 | D:1      | Upgraded the game from 0.30-a0-476-g330ca2eb8e to
                  | 0.30-a0-509-gd016549fea
   110 | D:1      | Quit the game

Illustrated notes

Levels and vault maps discovered:
D:1:      minmay_arrival_widening_spiral_wide, layout_rooms,
          chequers_serial_rivers_micro_c

Skill      XL: | |
---------------+-+-----
Evocations     | | 10.3
Fighting       | |  2.3
Ranged Weapons | |  2.3
Armour         | |  2.3
Stealth        | |  4.0

Action                   || total
-------------------------++-------
 Fire: Sling             ||     1
Evoke: Wand              ||     3

Table legend: (Time is in decaauts)
 A = Elapsed time spent in this place.
 B = Non-inter-level travel time spent in this place.
 C = Inter-level travel time spent in this place.
 D = Time resting spent in this place.
 E = Time spent auto-exploring this place.
 F = Levels seen in this place.
 G = Mean time per level.
                   A        B        C        D        E       F      G
               +--------+--------+--------+--------+--------+-----+--------+
         Total |    110 |    110 |      0 |      0 |    100 |   1 |  110.0 |
       Dungeon |    110 |    110 |      0 |      0 |    100 |   1 |  110.0 |
               +--------+--------+--------+--------+--------+-----+--------+

Top non-repeatable levels by time:
     D:1: 110 daAuts
